cohdb
Replays
Latest Replays
All Replays
Popular Replays
Top Player Replays
Match Explorer
How It Works
Community
CoH3 Stats
Reddit
Sign in to upload your games and track your stats! →
Sign in with Steam
Match 37567443
Unlisted
Match 37567443
Overview
Messages
Build Orders
End
Construct Infanterie Kompanie
Selects Breakthrough Battlegroup
Selects Assault Grenadiers
MG 42 Machine Gun Team
Grenadier Squad
Grenadier Squad
Grenadier Squad
Medical Station
Construct Panzergrenadier Kompanie
Selects Rapid Production
Selects Breakthrough
251 Medium Carrier
Support Elements
Nebelwerfer 42 Rocket Launcher Team
Selects Incendiary Bombing Run
StuG III G Assault Gun
Construct Panzer Kompanie
Selects Blitzkrieg
Pak 40 Anti-tank Gun Team
Panzer IV Medium Tank
Incendiary Bombing Run
Panzer IV Medium Tank
Panzergrenadier Squad
Pioneer Squad
Stoßtruppen Squad
Blitzkrieg
Grenadier Squad
Incendiary Bombing Run
Pioneer Squad
Selects Tiger Heavy Tank
Tiger Heavy Tank
Grenadier Squad
Incendiary Bombing Run
Greifi
Wrathment
0
0
Comments
sign in to comment!
No comments posted yet!